AoeStats
← OldGoldWhiteCardinal

African Clearing

506194579Analyzed
2v2 RM · 18d ago on Sep 12, 2026· 69m 21s· 4 players
Game mode
Random Map
Map size
Medium (4 player)
Population
200
Speed
Normal
Resources
Standard
Victory
Conquest
Starting age
Dark Age
Ending age
Imperial Age
RankedLock teamsTeams togetherTeam positionsShared explorationLock speedFull tech treeHidden civsTurbo modeCheats
Victory
Defeat
🇨🇭 Byzantines · Switzerland
1355
+16
🇨🇭 Chinese · Switzerland
1348
+16
🇹🇷 Cumans · Türkiye
1382
-17
🇺🇸 Vikings · United States
1321
-15
schufi
10:37 Loom
12:57 Feudal Age
16:42 Castle Age
15:53 Stone Mining
17:15 Double-Bit Axe
19:32 Horse Collar
22:40 Wheelbarrow
23:07 Scale Mail Armor
24:42 Forging
25:02 Pikeman
25:43 Squires
27:31 Iron Casting
27:12 Fletching
28:56 Scale Barding Armor
29:33 Fletching
30:18 Padded Archer Armor
30:15 Elite Skirmisher
33:20 Bodkin Arrow
38:56 Imperial Age
37:15 Ballistics
38:49 Leather Archer Armor
39:00 Heavy Plow
39:54 Chain Barding Armor
40:53 Bracer
46:20 Gold Mining
46:05 Halberdier
51:48 Conscription
50:55 Elite Cataphract
52:50 Plate Barding Armor
59:05 Ring Archer Armor
58:53 Chain Mail Armor
60:51 Crop Rotation
64:22 Logistica
64:28 Logistica
64:38 Husbandry
65:22 Greek Fire
KnutKnüppel
2:58 Loom
13:14 Feudal Age
13:45 Double-Bit Axe
17:25 Castle Age
18:03 Stone Mining
18:24 Bow Saw
21:03 Fletching
25:43 Wheelbarrow
25:24 Horse Collar
26:17 Padded Archer Armor
26:37 Bodkin Arrow
27:22 Leather Archer Armor
29:55 Heavy Plow
30:30 Hand Cart
36:11 Ballistics
40:11 Imperial Age
37:55 Gold Mining
38:42 Stone Shaft Mining
39:45 Gold Shaft Mining
42:14 Elite Chu Ko Nu
48:26 Capped Ram
49:47 Siege Ram
54:32 Bracer
55:03 Ring Archer Armor
55:37 Chemistry
61:34 Scale Barding Armor
61:39 Forging
62:26 Town Watch
66:18 Two-Man Saw
66:24 Caravan
Anatoly
12:06 Feudal Age
14:47 Double-Bit Axe
14:54 Horse Collar
16:50 Loom
21:59 Castle Age
20:23 Gold Mining
21:07 Fletching
21:28 Stone Mining
22:42 Bodkin Arrow
23:41 Wheelbarrow
23:59 Bow Saw
25:27 Ballistics
26:22 Padded Archer Armor
27:04 Heavy Plow
28:26 Hand Cart
28:01 Town Watch
31:22 Capped Ram
35:34 Imperial Age
37:10 Leather Archer Armor
37:24 Conscription
36:40 Elite Steppe Lancer
37:31 Bloodlines
37:11 Elite Kipchak
38:27 Scale Barding Armor
38:32 Forging
38:43 Sappers
39:34 Conscription
40:15 Chain Barding Armor
42:49 Pikeman
43:31 Squires
45:20 Scale Mail Armor
45:56 Iron Casting
46:19 Light Cavalry
48:39 Elite Skirmisher
OldGoldWhiteCardinal
12:18 Feudal Age
16:06 Castle Age
14:15 Double-Bit Axe
14:24 Horse Collar
15:16 Gold Mining
17:06 Bow Saw
16:51 Fletching
17:01 Padded Archer Armor
18:45 Loom
21:37 Bodkin Arrow
22:19 Elite Skirmisher
27:45 Leather Archer Armor
29:05 Scale Mail Armor
29:27 Heavy Plow
31:49 Crossbowman
36:26 Imperial Age
35:28 Chain Mail Armor
35:24 Forging
35:30 Stone Mining
35:40 Town Watch
37:34 Conscription
36:52 Arbalester
37:34 Bracer
38:44 Two-Man Saw
39:37 Chemistry
39:04 Ballistics
39:42 Ring Archer Armor
39:45 Plate Mail Armor
39:50 Iron Casting
39:33 Pikeman
39:58 Gambesons
40:14 Squires
40:00 Arson
40:55 Bogsveigar
44:18 Blast Furnace
42:40 Elite Berserk
49:03 Chieftains
52:31 Onager
53:14 Murder Holes
53:25 Siege Engineers
62:28 Crop Rotation
67:10 Heavy Scorpion
Connection lost

Rejoining the realm…

Still unreachable

The connection could not be restored.

Session expired

The server has moved on; the page needs a fresh start.